 Dungeon Crawl Stone Soup version 0.31-a0-237-g2d982f9f85 (webtiles) character file.

Game seed: 14362081610721511588

78 qw the Shooter (level 4, -1/26 HPs)
             Began as a Gargoyle Hexslinger on July 10, 2023.
             Slain by Grinder (2 damage)
             ... on level 3 of the Dungeon.
             The game lasted 00:00:40 (1996 turns).

qw the Shooter (Gargoyle Hexslinger)                Turns: 1996, Time: 00:00:40

Health: -1/26      AC:  8    Str: 11    XL:     4   Next: 36%
Magic:  5/5        EV: 10    Int: 14    God:
Gold:   84         SH:  0    Dex: 14    Spells: 4/5 levels left

rFire   . . .        Y - +1 sling
rCold   . . .        (no shield)
rNeg    + . .        h - +0 ring mail
rPois   inf          (no helmet)
rElec   +            (no cloak)
rCorr   .            (no gloves)
SInv    .            (no boots)
Will    .....        (no amulet)
Stlth   +            (no ring)
HPRegen 0.24/turn    (no ring)
MPRegen 0.09/turn

%: no passive effects
@: no status effects
A: sickness immunity, AC +3, negative energy resistance 1, electricity
resistance, torment resistance 1, petrification resistance
a: no special abilities


You were on level 3 of the Dungeon.
You visited 1 branch of the dungeon, and saw 3 of its levels.

You collected 84 gold pieces.


Innate Abilities, Weirdness & Mutations

You are immune to sickness and miasma.
Your stone body is resilient. (AC +3)
You are immune to poison.
You resist negative energy. (rN+)
You are resistant to electric shocks. (rElec)
You are resistant to unholy torment.
You are immune to petrification.


   Skills:
 - Level 2.1 Fighting
 - Level 4.0 Ranged Weapons
 + Level 0.4 Armour
 - Level 1.5 Dodging
 - Level 1.0 Spellcasting
 - Level 2.6 Hexes


You had 4 spell levels left.
You knew the following spells:

 Your Spells              Type           Power      Damage    Failure   Level
a - Slow                  Hex            32%        N/A       22%         1

Your spell library contained the following spells:

 Spells                   Type           Power      Damage    Failure   Level
 Inner Flame              Hex/Fire       4%         N/A       73%         3
 Portal Projectile        Hex/Tloc       8%         N/A       73%         3
 Cause Fear               Hex            4%         N/A       91%         4

Inventory:

Hand Weapons
 Y - a +1 sling (weapon)
Armour
 b - a +2 helmet
 h - a +0 ring mail (worn)
 l - a +0 pair of gloves
Jewellery
 m - a ring of ice
Scrolls
 a - a scroll of identify
 j - a scroll of immolation {unknown}
 n - a scroll of blinking {unknown}
Potions
 c - a potion of magic {unknown}
 d - a potion of enlightenment {unknown}
 e - a potion of haste {unknown}
 f - a potion of heal wounds {unknown}
 g - a potion of attraction {unknown}
 i - a potion of ambrosia {unknown}
 k - a potion of curing {unknown}

Dungeon Overview and Level Annotations

Branches:
Dungeon (3/15)

Altars:

Annotations:
D:3 Grinder


Message History

You shoot a sling bullet. The sling bullet hits Grinder.
Grinder is heavily wounded.
Grinder hits you but does no damage. x2
You shoot a sling bullet. The sling bullet hits Grinder.
Grinder is heavily wounded.
Grinder gestures at you.
You barely resist. You shoot a sling bullet.
The sling bullet barely misses Grinder.
Grinder hits you but does no damage.
You shoot a sling bullet. The sling bullet barely misses Grinder.
Grinder hits you! Grinder hits you.
You writhe in agony.
You shoot a sling bullet. The sling bullet hits Grinder.
Grinder is heavily wounded.
Grinder blinks!
You shoot a sling bullet. The sling bullet hits Grinder.
Grinder is severely wounded.
Grinder blinks!
You shoot a sling bullet. The sling bullet hits Grinder.
Grinder is severely wounded.
Grinder gestures at you.
You are unaffected.
Grinder says, "At least Makhleb appreciates what I'm doing."
You shoot a sling bullet. The sling bullet hits Grinder.
Grinder is almost dead.
Grinder says, "Tell me all your secrets, or I'll kill you."
Grinder hits you.
You writhe in agony.
You shoot a sling bullet. The sling bullet hits Grinder.
Grinder is almost dead.
Grinder hits you but does no damage.
You shoot a sling bullet. The sling bullet hits Grinder.
Grinder is almost dead.
Grinder completely misses you. Grinder gestures at you.
You resist with significant effort.
You shoot a sling bullet.
The sling bullet completely misses Grinder.
Grinder hits you.
You writhe in agony.
You shoot a sling bullet. The sling bullet barely misses Grinder.
Grinder hits you but does no damage. Grinder hits you.
You writhe in agony.
You die...

#...#.......##.#
+...).......##.#
#...#.......##.#
#######
#...##.....###..
......##
#...###...##
######.# #...#
##### ### #...#
#...# #.5@# ###
+...)....".
##.##
#...#......
##...#
#...##.....
#..... #...#
#...# ##...#
#...# ####
####.## #...#
##....<. #...#
#......#
##.##..#


You could see Grinder.

Vanquished Creatures
  4 adders
  A worm (D:2)
  A dart slug (D:3)
  An orc (D:3)
  3 endoplasms
  2 giant cockroaches (D:2)
  6 hobgoblins
  3 ball pythons
  2 bats (D:1)
  2 frilled lizards (D:2)
  4 goblins
  5 kobolds
  3 rats
37 creatures vanquished.

Notes
Turn   | Place    | Note
-------+----------+-------------------------------------------
     0 | D:1      | qw the Gargoyle Hexslinger began the quest for the Orb.
     0 | D:1      | Reached XP level 1. HP: 12/12 MP: 2/2
     0 | D:1      | 0 ||| qw: Version: 0.3-a-52-g30416fa
     0 | D:1      | 0 ||| qw: Game counter: 5214
     0 | D:1      | 0 ||| qw: Melee chars always use a shield: true
     0 | D:1      | 0 ||| qw: God list: Okawaru
     0 | D:1      | 0 ||| qw: Allow faded altars: false
     0 | D:1      | 0 ||| qw: Do Orc after clearing Dungeon:15 true
     0 | D:1      | 0 ||| qw: Do second Lair branch before Depths: true
     0 | D:1      | 0 ||| qw: Lair rune preference: random
     0 | D:1      | 0 ||| qw: Goals: Normal
     0 | D:1      | 0 ||| PLANNING D:1-11
   372 | D:1      | Reached XP level 2. HP: 14/16 MP: 3/3
   634 | D:1      | 634 ||| UPGRADING to +0 ring mail.
   644 | D:1      | 644 ||| DROPPING +0 robe.
   645 | D:1      | 645 ||| READING scroll labelled KEUBLA GORAORI.
   646 | D:1      | 646 ||| READING 2 scrolls labelled NEGUBB XEIBATE.
   647 | D:1      | 647 ||| READING scroll labelled USHOME HAIR.
   648 | D:1      | 648 ||| DROPPING scroll of poison.
   649 | D:1      | 649 ||| DROPPING scroll of fear.
   876 | D:2      | Reached skill level 3 in Ranged Weapons
  1015 | D:2      | Reached XP level 3. HP: 19/21 MP: 4/4
  1375 | D:2      | 1375 ||| READING scroll labelled QOINNARHIAZ.
  1376 | D:2      | 1376 ||| READING scroll labelled ICAUNKOPUB.
  1434 | D:3      | Reached XP level 4. HP: 25/26 MP: 5/5
  1896 | D:3      | Reached skill level 4 in Ranged Weapons
  1974 | D:3      | Noticed Grinder
  1982 | D:3      | Paralysed by Grinder for 2 turns
  1995 | D:3      | HP: 6/26 [Grinder (6)]
  1996 | D:3      | HP: 1/26 [Grinder (3)]
  1996 | D:3      | Slain by Grinder

Levels and vault maps discovered:
D:1:      sevenhm_arrival_forest_fort_small_3, layout_loops_ring,
          serial_bayou_lagoon_a, minmay_misc_feat_tiny,
          nicolae_houndstooth_variations
D:2:      layout_basic
D:3:      kennysheep_six_static_rooms, layout_loops_corners,
          chequers_hall_statues_y, uniq_grinder

Skill      XL: |  1  2  3  4 |
---------------+-------------+-----
Ranged Weapons | 3 4 |  4.0
Fighting       | 2 |  2.1
Armour         | |  0.4
Dodging        | |  1.5
Spellcasting   | |  1.0
Hexes          | |  2.6

Action                     |  1- 3 |  4- 6 || total
---------------------------+-------+-------++-------
   Fire: Sling             |   103 |    48 ||   151
    Use: Scroll            |     5 |       ||     5
 Armour: Robe              |     6 |       ||     6
         Ring mail         |    24 |    15 ||    39
  Dodge: Dodged            |    27 |     6 ||    33

Table legend:
 A = Non-vault XP
 B = Vault XP
 C = Vault XP percentage of total XP
 D = Non-vault monster count
 E = Vault monster count
 F = Vault count percentage of total count
                 A         B        C        D         E       F
            +---------+---------+-------+---------+---------+-------
      Total |     107 |       5 |   4.5 |      35 |       2 |   5.4
            +---------+---------+-------+---------+---------+-------
        D:1 |      11 |       0 |   0.0 |       8 |       0 |   0.0
        D:2 |      66 |       0 |   0.0 |      18 |       0 |   0.0
        D:3 |      30 |       5 |  14.3 |       9 |       2 |  18.2
            +---------+---------+-------+---------+---------+-------
